AoeStats
← Carple

Migration

504814528Analyzed
1v1 RM · 26d ago on Sep 6, 2026· 48m 45s· 2 players
Game mode
Random Map
Map size
132×132
Population
200
Speed
Normal
Resources
Standard
Victory
Conquest
Starting age
Dark Age
Ending age
Imperial Age
RankedLock teamsTeams togetherTeam positionsShared explorationLock speedFull tech treeHidden civsTurbo modeCheats
Victory
Defeat
🇨🇦 Spanish · Canada
1259
+15
🇧🇷 Vikings · Brazil
1248
-15
BelmontY
10:10 Loom
12:29 Feudal Age
13:13 Double-Bit Axe
17:08 Castle Age
15:10 Fishing Lines
16:17 Forging
18:07 Medium Warships
18:43 Bow Saw
20:06 Pikeman
24:47 Iron Casting
27:22 Fletching
28:08 Elite Skirmisher
31:43 Bodkin Arrow
36:28 Scale Mail Armor
41:24 Imperial Age
40:22 Ballistics
39:58 Murder Holes
41:21 Chain Mail Armor
41:43 Gillnets
42:27 Horse Collar
43:18 Conscription
46:46 Plate Mail Armor
46:48 Gold Mining
46:48 Stone Mining
48:23 Two-Man Saw
47:37 Bracer
49:07 Blast Furnace
Carple
12:41 Feudal Age
12:43 Loom
13:09 Double-Bit Axe
14:18 Fishing Lines
17:57 Castle Age
16:28 Forging
16:11 Fletching
17:46 Horse Collar
18:02 Stone Mining
18:02 Gold Mining
18:23 Gold Mining
18:50 Medium Warships
19:16 Bow Saw
31:14 Wheelbarrow
30:24 Town Watch
30:53 Husbandry
35:06 Bloodlines
40:05 Imperial Age
39:30 Squires
41:59 Scale Barding Armor
42:29 Iron Casting
41:44 Cavalier
47:52 Chemistry
47:13 Ballistics
47:25 Conscription
46:43 Light Cavalry
Connection lost

Rejoining the realm…

Still unreachable

The connection could not be restored.

Session expired

The server has moved on; the page needs a fresh start.